 Dungeon Crawl Stone Soup version 0.32-a0-433-g08bcfe7 (webtiles) character file.

Game seed: 12152733369885965110

16497 Whoracle the Cleaver (level 12, -1/147 HPs)
             Began as a Demonspawn Berserker on Feb 15, 2024.
             Was a High Priest of Trog.
             Slain by a sun demon (14 damage)
             ... summoned by an orc sorcerer
             ... on level 10 of the Dungeon on Feb 22, 2024.
             The game lasted 00:48:28 (8890 turns).

Whoracle the Cleaver (Demonspawn Berserker)         Turns: 8890, Time: 00:48:28

Health: -1/147     AC: 13    Str: 25 (26) XL:     12   Next: 10%
Magic:  21/21      EV: 11    Int: 10 (13) God:    Trog [*****.]
Gold:   566        SH:  0    Dex: 11 (12) Spells: 11/11 levels left

rFire   . . .        M - +2 hand axe (vamp)
rCold   . . .        (no shield)
rNeg    + . .        b - +1 acid dragon scales
rPois   .            (no helmet)
rElec   .            (no cloak)
rCorr   +            q - +0 pair of gloves
SInv    .            (no boots)
Will    ++...        B - amulet of regeneration Stlth
                     F - ring of the Zebra {rN+ MP+9 Slay+3}
HPRegen 2.24/turn    i - +6 ring of strength
MPRegen 0.17/turn

%: no passive effects
@: berserking, lethally poisoned (-1 -> -3), strong-willed, regenerating,
invisible, very quick
A: hooves 2, yellow scales 2, foul stench 2, powered by death 1, augmentation 1,
claws 1, clever 1
a: Renounce Religion, Berserk, Trog's Hand, Brothers in Arms


You were on level 10 of the Dungeon.
You worshipped Trog.
Trog was extremely pleased with you.
You visited 3 branches of the dungeon, and saw 13 of its levels.
You also visited: Sewer.

You collected 566 gold pieces.

Inventory:

Hand Weapons
 x - a +1 dagger of freezing
 M - a +2 vampiric hand axe (weapon)
Armour
 b - +1 acid dragon scales (worn)
 q - a +0 pair of gloves (worn)
 u - a +0 robe of fire resistance
 E - a +2 barding
 I - a +0 plate armour
Jewellery
 a - a +6 ring of dexterity
 i - a +6 ring of strength (right hand)
 k - a +4 ring of protection
 t - an amulet of reflection
 B - an amulet of regeneration (around neck)
 F - the ring of the Zebra (left hand) {rN+ MP+9 Slay+3}
   (You found it on level 6 of the Dungeon)

   [ring of magical power]

   Slay+3:    It affects your accuracy & damage with ranged weapons and melee
   (+3).
   rN+:       It protects you from negative energy.
   MP+9:      It affects your magic capacity (+9).
 L - a ring of fire
 N - a ring of ice
 P - a ring of poison resistance
 Q - a +6 ring of dexterity
 R - a ring of willpower
 U - the necklace of Bloodlust {Fury *Rage Will++ Int-3 Slay+6}
   (You found it on level 10 of the Dungeon)

   [amulet of nothing]

   Fury:      It extends the wearer's berserk rage when killing foes.
   Int-3:     It affects your intelligence (-3).
   Slay+6:    It affects your accuracy & damage with ranged weapons and melee
   (+6).
   Will++:    It greatly increases your willpower.
   *Rage:     It berserks you when you make melee attacks (+50% chance).
Wands
 D - a wand of flame (22)
 T - a wand of paralysis (5)
 W - a wand of mindburst (6)
Scrolls
 d - 5 scrolls of teleportation
 e - a scroll of noise
 f - 6 scrolls of identify
 g - 4 scrolls of revelation
 h - a scroll of enchant armour
 m - 5 scrolls of fog
 n - a scroll of amnesia
 o - 3 scrolls of enchant weapon
 r - 3 scrolls of butterflies
 w - a scroll of poison
 O - 2 scrolls of blinking
 S - 2 scrolls of vulnerability
Potions
 j - 6 potions of curing
 l - 2 potions of attraction
 p - 3 potions of resistance
 s - a potion of ambrosia
 z - 3 potions of brilliance
 G - a potion of degeneration
 K - a potion of enlightenment
Miscellaneous
 y - a lightning rod (4/4)


   Skills:
 + Level 10.4 Fighting
 + Level 13.4 Axes
 * Level 9.1 Armour
 - Level 1.8 Dodging


You had 11 spell levels left.
You didn't know any spells.
Your spell library was empty.

Dungeon Overview and Level Annotations

Branches:
Dungeon (10/15)            Temple (1/1) D:7            Lair (0/5) D:9
    Orc (2/2) D:10          Sewer (visited)
    Elf: Orc:2

Altars:
Ashenzari
Cheibriados
Dithmenos
Fedhas
Gozag
Hepliaklqana
Kikubaaqudgha
Makhleb
Nemelex Xobeh
Okawaru
Qazlal
Ru
Sif Muna
Trog
Uskayaw
Vehumet
Wu Jian
Xom
Yredelemnul

Shops:
D:10 (:[

Annotations:
D:4 2 runed translucent doors, Coo1's ghost, novice TrSh
Orc:2 Saint Roka


Innate Abilities, Weirdness & Mutations

You have hoof-like feet.
You are mostly covered in yellow scales. (AC +3)
You sometimes emit foul miasma when damaged in melee.
You regenerate a little health from kills.
Your magical and physical power is slightly enhanced at high health.
You have sharp fingernails.
Your mind is acute. (Int +4, Str/Dex -1)


Message History

The orc sorcerer hits you with a +2 dagger of venom.
* * * LOW HITPOINT WARNING * * *
You are poisoned.
You emit a cloud of foul miasma!
You feel better.
The orc sorcerer is engulfed in dark miasma.
The orc sorcerer is poisoned.
The orc sorcerer seems to slow down.
The orc sorcerer hits you but does no damage.
You are poisoned.
Your skin crawls.
You feel strong-willed.
You feel very sick.
The orc sorcerer is no longer moving slowly.
The orc sorcerer is engulfed in dark miasma.
The orc sorcerer looks even sicker.
The orc sorcerer gestures wildly while chanting.
The two-headed ogre barely misses you. The two-headed ogre closely misses you.
A red film seems to cover your vision as you go berserk!
You feel yourself moving faster!
You feel mighty!
You feel sick.
The sun demon shouts!
The orc sorcerer is engulfed in dark miasma.
The orc sorcerer looks even sicker.
The orc sorcerer seems to slow down.
The orc sorcerer hits you with a +2 dagger of venom.
* * * LOW HITPOINT WARNING * * *
You are more poisoned.
You barely miss the orc sorcerer.
The orc sorcerer is severely wounded.
You slash the two-headed ogre! You hit the sun demon but do no damage.
You feel sick.
The orc sorcerer is no longer moving slowly.
You slash the orc sorcerer!
You feel better.
Your kick misses the orc sorcerer.
The orc sorcerer is almost dead.
You hit the sun demon.
You strike the helpless two-headed ogre from behind!
You slash the two-headed ogre!
You feel better.
You feel sick. The two-headed ogre closely misses you.
The two-headed ogre barely misses you. The sun demon hits you!
* * * LOW HITPOINT WARNING * * *
You are engulfed in flames!
You die...

#.....[รท.....####..##[.####..
#.....[......####..##):####..
#..............##########....
#........b.....##########....
#............................
#)......_....................
#............................
#....#######'#####'##........
#....#......@3.....<#........
#....'......oO......'....####
#....#........>.....#....#...
#....#..............#....#...
#....#....)..:......#....#...
#....#..............#....#...
#....#..............#....#...
#....#........#######....#...
#....#........#..........#...


You could see a two-headed ogre (unable to see you), a sun demon (summoned,
unable to see you) and an orc sorcerer (very poisoned).

Vanquished Creatures
  A boulder beetle (D:10)
  2 two-headed ogres
  An occultist (D:10)
  The ghost of cnlflgl the Carver, a novice CoWr of Okawaru (D:6)
  A deep troll (D:10)
  An orc sorcerer (Orc:1)
  An ugly thing (D:10)
  A cyclops (D:10)
  A cane toad (shapeshifter) (D:10)
  3 trolls
  Grinder (D:5)
  4 wraiths (D:10)
  A shadow (D:9)
  A basilisk (D:9)
  4 wyverns (D:9)
  22 yaks
  3 acid dragons
  2 water moccasins
  6 ice beasts
  3 orc warriors
  An ogre (Orc:1)
  A sky beast (D:7)
  5 centaurs
  2 phantoms (D:5)
  A kobold brigand (D:6)
  3 bullfrogs
  4 scorpions
  A gnoll sergeant (D:10)
  7 wights
  7 killer bees
  2 howler monkeys (D:9)
  A bombardier beetle (D:4)
  10 orc priests
  A hound (D:4)
  2 gnoll boudas
  7 iguanas
  2 sleepcaps
  8 orc wizards
  Natasha (thrice) (D:3)
  A centaur simulacrum (D:6)
  Robin (D:3)
  5 adders
  7 gnolls
  3 river rats (D:3)
  3 white imps
  2 ufetubi (D:5)
  6 ribbon worms
  4 dart slugs
  30 orcs
  9 ball pythons
  4 bats
  9 endoplasms
  3 giant cockroaches
  15 goblins
  9 hobgoblins
  2 jackals (D:4)
  5 kobolds
  3 quokkas
  3 frilled lizards
  13 rats
265 creatures vanquished.

Vanquished Creatures (collateral kills)
  Josephine (D:10)
  A two-headed ogre (D:10)
  2 wraiths (D:10)
4 creatures vanquished.

Grand Total: 269 creatures vanquished

Notes
Turn   | Place    | Note
-------+----------+-------------------------------------------
     0 | D:1      | Whoracle the Demonspawn Berserker began the quest for the
                  | Orb.
     0 | D:1      | Reached XP level 1. HP: 18/18 MP: 1/1
   179 | D:1      | Reached skill level 3 in Axes
   179 | D:1      | Gained mutation: You have large cloven feet. [demonic
                  | ancestry]
   179 | D:1      | Reached XP level 2. HP: 23/24 MP: 2/2
   380 | D:1      | Reached XP level 3. HP: 28/29 MP: 3/3
   840 | D:2      | Reached ** piety under Trog
  1336 | D:2      | Reached XP level 4. HP: 37/37 MP: 4/4
  1490 | D:3      | Noticed Natasha
  1541 | D:3      | Found a basalt altar of Yredelemnul.
  1624 | D:3      | Killed Natasha
  1625 | D:3      | Reached skill level 4 in Axes
  1634 | D:3      | Noticed Robin
  1716 | D:3      | Noticed Natasha
  1725 | D:3      | Killed Natasha
  1726 | D:3      | Gained mutation: You regenerate a little health from kills.
                  | [demonic ancestry]
  1726 | D:3      | Reached XP level 5. HP: 27/42 MP: 5/5
  1847 | D:3      | Killed Robin
  2079 | D:3      | Found a glowing drain.
  2107 | Sewer    | Entered a sewer
  2136 | D:3      | Reached skill level 5 in Axes
  2136 | D:3      | Reached *** piety under Trog
  2238 | D:3      | Noticed Natasha
  2251 | D:3      | Killed Natasha
  2252 | D:3      | Gained mutation: You may rarely emit foul miasma when
                  | damaged in melee. [demonic ancestry]
  2252 | D:3      | Reached XP level 6. HP: 26/49 MP: 6/6
  2374 | D:4      | Upgraded the game from 0.32-a0-314-g526f7d4 to
                  | 0.32-a0-411-g744942f
  2526 | D:4      | Found a runed translucent door.
  2654 | D:4      | Found a runed translucent door.
  2697 | D:4      | Noticed Coo1's ghost (novice TrSh)
  2903 | D:4      | Reached skill level 5 in Fighting
  3109 | D:4      | Reached skill level 6 in Axes
  3109 | D:4      | Reached XP level 7. HP: 47/56 MP: 7/7
  3418 | D:5      | Entered Level 5 of the Dungeon
  3459 | D:5      | Noticed Grinder
  3464 | D:5      | Paralysed by Grinder for 4 turns
  3473 | D:5      | Paralysed by Grinder for 4 turns
  3479 | D:5      | Killed Grinder
  3659 | D:5      | Reached skill level 7 in Axes
  3973 | D:5      | Found a shimmering blue altar of Sif Muna.
  3979 | D:5      | Found a hide-covered altar of Uskayaw.
  3982 | D:5      | Found a bloodstained altar of Trog.
  4084 | D:5      | Gained mutation: You are partially covered in yellow
                  | scales. (AC +2) [demonic ancestry]
  4084 | D:5      | Reached XP level 8. HP: 64/64 MP: 8/8
  4170 | D:6      | Found a runed translucent gate.
  4170 | D:6      | Found a runed translucent gate.
  4170 | D:6      | Found a runed translucent gate.
  4284 | D:6      | Identified the ring of the Zebra {rN+ MP+9 Slay+3}
  4487 | D:6      | Reached **** piety under Trog
  4588 | D:6      | Reached skill level 8 in Axes
  4601 | D:6      | Noticed cnlflgl's ghost (novice CoWr)
  5171 | D:6      | Killed cnlflgl's ghost
  5172 | D:6      | Reached skill level 9 in Axes
  5172 | D:6      | Gained mutation: You have hoof-like feet. [demonic
                  | ancestry]
  5172 | D:6      | Reached XP level 9. HP: 71/71 MP: 9/9
  5388 | D:7      | Found an opulent altar of Gozag.
  5444 | D:7      | Found a hazy altar of Hepliaklqana.
  5645 | D:7      | Reached skill level 10 in Axes
  5648 | D:7      | Reached skill level 5 in Armour
  5800 | D:7      | Found a staircase to the Ecumenical Temple.
  5810 | Temple   | Entered the Ecumenical Temple
  5966 | D:8      | Noticed a two-headed ogre
  5979 | D:8      | Killed a two-headed ogre
  5980 | D:8      | Gained mutation: You sometimes emit foul miasma when
                  | damaged in melee. [demonic ancestry]
  5980 | D:8      | Reached XP level 10. HP: 80/80 MP: 10/10
  6123 | D:8      | Reached skill level 11 in Axes
  6431 | D:8      | Reached ***** piety under Trog
  6441 | D:8      | Found a sparkling altar of Nemelex Xobeh.
  7162 | D:9      | Gained mutation: You are mostly covered in yellow scales.
                  | (AC +3) [demonic ancestry]
  7162 | D:9      | Reached XP level 11. HP: 68/87 MP: 11/11
  7240 | D:9      | Reached skill level 12 in Axes
  7283 | D:9      | Found a staircase to the Lair.
  7425 | D:9      | Upgraded the game from 0.32-a0-411-g744942f to
                  | 0.32-a0-422-g28b100f
  7461 | D:10     | Entered Level 10 of the Dungeon
  7463 | D:10     | Found a shimmering altar of Xom.
  7485 | D:10     | Noticed an occultist
  7510 | D:10     | Killed an occultist
  7523 | D:10     | Noticed a two-headed ogre
  7568 | D:10     | Noticed a boulder beetle
  7576 | D:10     | Killed a two-headed ogre
  7616 | D:10     | Killed a boulder beetle
  7662 | D:10     | Noticed a cyan ugly thing
  7698 | D:10     | Killed a cyan ugly thing
  7859 | D:10     | Found a staircase to the Orcish Mines.
  7974 | D:10     | Noticed a deep troll
  7983 | D:10     | Killed a deep troll
  7997 | D:10     | Found the necklace of Bloodlust {Fury *Rage Will++ Int-3
                  | Slay+6}
  8006 | D:10     | Upgraded the game from 0.32-a0-422-g28b100f to
                  | 0.32-a0-433-g08bcfe7
  8060 | D:10     | Found Hoptaa's Book Shop.
  8064 | D:10     | Noticed a two-headed ogre
  8065 | D:10     | Noticed Josephine
  8071 | D:10     | Killed a two-headed ogre
  8072 | D:10     | Reached skill level 10 in Fighting
  8072 | D:10     | Reached skill level 13 in Axes
  8075 | D:10     | Killed Josephine
  8161 | D:10     | Gained mutation: Your magical and physical power is
                  | slightly enhanced at high health. [demonic ancestry]
  8161 | D:10     | Reached XP level 12. HP: 97/97 MP: 12/12
  8215 | D:10     | Found Gemaath's Antique Armour Emporium.
  8473 | D:10     | Found Bam Cemiy's Antique Weapon Emporium.
  8643 | D:10     | Gained mutation: You have sharp fingernails. [potion of
                  | mutation]
  8643 | D:10     | Gained mutation: Your mind is acute. (Int +4, Str/Dex -1)
                  | [potion of mutation]
  8670 | Orc:1    | Entered Level 1 of the Orcish Mines
  8707 | Orc:1    | Paralysed by an orc sorcerer for 5 turns
  8860 | Orc:2    | Entered Level 2 of the Orcish Mines
  8861 | Orc:2    | Noticed a two-headed ogre
  8866 | Orc:2    | Noticed Saint Roka
  8890 | D:10     | Slain by a sun demon

Illustrated notes

Levels and vault maps discovered:
D:1:      roderic_crop_circles_arrival_small, layout_basic
D:2:      layout_basic, kennysheep_small_spiral
D:3:      layout_basic, old_standard_altar, portal_sewer_entry_b,
          kennysheep_generic_room_6, uniq_robin, uniq_natasha
D:4:      layout_basic, ebering_ghost_sewer_f
D:5:      nicolae_cairo_tiling, layout_rooms, minmay_overflow_temple_star_quad,
          nicolae_zen_rock_garden, dreamdust_princess_corridor, uniq_grinder
D:6:      layout_basic, gammafunk_ghost_icy
D:7:      layout_loops_ring, nicolae_hepliaklqana_hazy_memory,
          nicolae_gozag_cash_rules_everything_around_me,
          minmay_temple_entry_hall
D:8:      layout_rooms, zin_academy, nemelex_altar_shiori
D:9:      layout_basic, erik_lair_dragon
D:10:     minmay_bloctagon, layout_irregular_city, xom_butterflies, orc_0_dummy,
          serial_shops, nicolae_square_shop, nicolae_shop_pleasant_corner_grove,
          shop, eino_tiny_chamber, hellmonk_guarded_unrand_vitality_bloodlust,
          uniq_josephine
Temple:   hellmonk_temple_forest_ring
Orc:1:    layout_caves
Orc:2:    grunt_orc_cross, layout_caves, nicolae_orc_lava_tube, uniq_maurice

Skill      XL: |  1  2  3  4  5  6  7  8  9 10 11 |
---------------+----------------------------------+-----
Axes           | 3 4 5 6 7 9 10 11 13 | 13.4
Armour         | 2 3 4 5 7 9 |  9.1
Fighting       | 4 5 6 7 8 10 | 10.4
Dodging        | |  1.8

Action                     |  1- 3 |  4- 6 |  7- 9 | 10-12 || total
---------------------------+-------+-------+-------+-------++-------
  Melee: Hand axe          |    95 |   193 |   202 |   401 ||   891
         Kick              |    20 |    53 |    64 |   162 ||   299
 Invoke: Berserk           |       |     4 |     6 |    12 ||    22
         Trog's Hand       |       |     1 |       |     2 ||     3
         Brothers in Arms  |       |       |       |     1 ||     1
    Use: Scroll            |       |     1 |       |    15 ||    16
         Potion            |       |       |       |    13 ||    13
   Stab: Sleeping          |     1 |       |     2 |       ||     3
         Invisible         |       |       |       |     1 ||     1
 Armour: Animal skin       |    46 |   127 |    61 |       ||   234
         Plate armour      |       |       |    50 |    19 ||    69
         Acid dragon scale |       |       |       |   239 ||   239
  Dodge: Dodged            |    53 |   137 |    74 |   203 ||   467

Table legend: (Time is in decaauts)
 A = Elapsed time spent in this place.
 B = Non-inter-level travel time spent in this place.
 C = Inter-level travel time spent in this place.
 D = Time resting spent in this place.
 E = Time spent auto-exploring this place.
 F = Levels seen in this place.
 G = Mean time per level.
                   A        B        C        D        E       F      G
               +--------+--------+--------+--------+--------+-----+--------+
         Total |   8977 |   8747 |    230 |    303 |   6412 |  14 |  641.2 |
       Dungeon |   8739 |   8524 |    215 |    303 |   6270 |  10 |  873.9 |
        Temple |     11 |     11 |      0 |      0 |      3 |   1 |   11.0 |
  Orcish Mines |    195 |    180 |     15 |      0 |    139 |   2 |   97.5 |
         Sewer |     31 |     31 |      0 |      0 |      0 |   1 |   31.0 |
               +--------+--------+--------+--------+--------+-----+--------+

Top non-repeatable levels by time:
    D:10: 1148 daAuts
     D:6: 1133 daAuts
     D:4: 1068 daAuts
     D:9: 926 daAuts
     D:3: 912 daAuts
     D:2: 772 daAuts
     D:7: 747 daAuts
     D:5: 709 daAuts
     D:1: 709 daAuts
     D:8: 610 daAuts
   Orc:1: 186 daAuts
   Sewer: 31 daAuts
  Temple: 11 daAuts
   Orc:2: 9 daAuts
